 Dungeon Crawl Stone Soup version 0.27.1-34-g3ba077fa99 (webtiles) character file.

Game seed: 12114797064049927381

2987 taozee the Carver (level 9, 0/103 HPs)
             Began as a Demonspawn Berserker on Jan 27, 2022.
             Was a Priest of Trog.
             Slain by a seven-headed hydra (11 damage)
             ... on level 10 of the Dungeon.
             The game lasted 00:15:21 (7586 turns).

taozee the Carver (Demonspawn Berserker)            Turns: 7586, Time: 00:15:22

Health: 0/103      AC: 24    Str: 26    XL:     9   Next: 53%
Magic:  18/18      EV:  2    Int:  8    God:    Trog [***...]
Gold:   291        SH:  0    Dex: 14    Spells: 8/8 levels left

rFire    + . .     SeeInvis .   o - +1 great sword
rCold    + . .     Faith    .   (shield currently unavailable)
rNeg     + + +     Spirit   .   (armour currently unavailable)
rPois    +         Reflect  .   (helmet currently unavailable)
rElec    +         Harm     .   (cloak currently unavailable)
rCorr    +         Rampage  .   (gloves currently unavailable)
Will     +....     NoTele   +   (boots currently unavailable)
Stlth    ++........             (no amulet)
HPRegen  1.27/turn              s - ring of magical power
MPRegen  0.16/turn              v - +6 ring of strength

@: mighty, tree-form, resistant, weak-willed, marked, strong-willed, on berserk
cooldown, attractive, regenerating, hasted and slowed
A: stationary, stasis, torment immunity, boosted hp, (antennae 2), powered by
death 1, (sturdy frame 2)
a: Renounce Religion, Berserk, Trog's Hand


You were on level 10 of the Dungeon.
You worshipped Trog.
Trog was most pleased with you.
You were a tree.
You visited 1 branch of the dungeon, and saw 8 of its levels.

You collected 291 gold pieces.

Inventory:

Hand Weapons
 h - a +1 long sword
 o - a +1 great sword (weapon)
Armour
 c - a +0 cloak (melded)
 l - a +0 scale mail
 r - a +1 plate armour (melded)
 z - a +2 pair of gloves (melded)
Jewellery
 s - a ring of magical power (left branch)
 v - a +6 ring of strength (right branch)
Wands
 e - a wand of paralysis (5)
 p - a wand of iceblast (9)
 q - a wand of flame (18)
 A - a wand of acid (12)
Scrolls
 m - a scroll of amnesia
 B - a scroll of identify
Potions
 d - 2 potions of mutation
 j - a potion of haste
 k - a potion of attraction
 n - 2 potions of flight


   Skills:
 + Level 6.3 Fighting
 + Level 9.1 Long Blades
 + Level 6.0 Armour
 + Level 3.9 Dodging
 + Level 1.2 Stealth
 + Level 0.1 Evocations


You had 8 spell levels left.
You didn't know any spells.
Your spell library was empty.

Dungeon Overview and Level Annotations

Branches:
Dungeon (7/15)             Temple (0/1) D:6

Altars:
Dithmenos

Annotations:
D:10 Harold


Innate Abilities, Weirdness & Mutations

You are a tree.
Your roots penetrate the ground, keeping you stationary.
You cannot be teleported.
You are immune to unholy pain and torment.
Your maximum health is greatly increased.
Your equipment is partially melded.
((You have a pair of antennae on your head.))
You regenerate a little health from kills.
((Your movements are less encumbered by armour. (ER -4)))


Message History

You feel protected.
Harold hits you with a +0 dire flail of protection.
The orc warrior hits you from afar with a +0 halberd!
* * * LOW HITPOINT WARNING * * *
It was a potion of attraction.
You feel attractive to monsters. Harold hits you but does no damage.
The orc warrior barely misses you. The yak is pulled toward you!
The seven-headed hydra is pulled toward you!
It was a potion of flight.
Your roots keep you in place.
Harold hits you but does no damage.
The orc warrior hits you but does no damage.
As you read the scroll labelled RYNEVVUYHE, it crumbles to dust.
Magic quickly surges around you.
It was a scroll of vulnerability.
Harold hits you with a +0 dire flail of protection.
* * * LOW HITPOINT WARNING * * *
The orc warrior hits you from afar with a +0 halberd.
* * * LOW HITPOINT WARNING * * *
You hit Harold.
Harold is moderately wounded.
Harold hits you but does no damage.
The orc warrior hits you from afar with a +0 halberd.
* * * LOW HITPOINT WARNING * * *
Harold hits you with a +0 dire flail of protection!
* * * LOW HITPOINT WARNING * * *
An orc comes into view. It is wielding a +0 dagger.
You slice Harold!!
Harold is severely wounded.
Harold hits you but does no damage.
You hit Harold but do no damage.
Harold is severely wounded.
An orc comes into view. It is wielding a +0 hand axe.
Harold hits you but does no damage.
You slash Harold!
Harold is almost dead.
An orc warrior comes into view. It is wielding a +0 flail.
Harold hits you but does no damage.
The seven-headed hydra bites you but does no damage.
The seven-headed hydra bites you!
You die...

#)...........#
#............# #
#.)..........##....
#...>...........#
#............####
#............#
#............#
#............#
#......♣.....# .
######D@###### ..
#####kc{## ...
#....oFYy### ..P.
#...S{yyy{.## {.P.P
###...YYYDo#..###.FP..P
#........Zoo.......PPP[
#.o##......##...#..PPP..
#..###......###..#$..PSP.


You could see a death drake shaped shifter (weak-willed), Harold (weak-willed),
a seven-headed hydra (weak-willed), 4 yaks, 2 orc warriors, a water moccasin
(weak-willed), an acid dragon (weak-willed), a bullfrog (weak-willed), a centaur
(weak-willed), 3 killer bees, 2 orcs and a centaur zombie (weak-willed).

Vanquished Creatures
  2 centaur zombies (D:10)
  A wyvern (D:10)
  A steam dragon (D:7)
  A water moccasin (D:10)
  2 black bears
  2 ice beasts
  A sky beast (D:7)
  A necrophage (D:5)
  4 phantoms (D:5)
  2 bullfrogs
  3 scorpions
  2 wyvern zombies (D:6)
  A water moccasin zombie (D:6)
  2 water moccasin skeletons
  7 killer bees
  A howler monkey (D:6)
  3 hounds
  2 orc priests
  A bullfrog skeleton (D:6)
  Crazy Yiuf (D:2)
  2 iguanas
  A scorpion zombie (D:5)
  A hound zombie (D:5)
  A howler monkey zombie (D:7)
  4 adders
  A howler monkey skeleton (D:6)
  A white imp (D:6)
  3 worms
  2 dart slugs
  10 orcs
  6 ball pythons
  8 endoplasms
  3 giant cockroaches
  4 goblins
  12 hobgoblins
  6 jackals
  A quokka (D:4)
  6 bats
  7 frilled lizards
  6 kobolds
  4 rats
129 creatures vanquished.

Vanquished Creatures (others)
  27 fungi (D:10)
  41 plants (D:10)
68 creatures vanquished.

Grand Total: 197 creatures vanquished

Notes
Turn   | Place    | Note
-------+----------+-------------------------------------------
     0 | D:1      | taozee the Demonspawn Berserker began the quest for the
                  | Orb.
     0 | D:1      | Reached XP level 1. HP: 18/18 MP: 1/1
   261 | D:1      | Gained mutation: Your movements are slightly less
                  | encumbered by armour. (ER -2) [demonic ancestry]
   261 | D:1      | Reached XP level 2. HP: 24/24 MP: 2/2
   265 | D:1      | Found a faded altar of an unknown god.
   286 | D:1      | Reached skill level 3 in Long Blades
  1118 | D:2      | Reached ** piety under Trog
  1168 | D:2      | Gained mutation: You have a pair of small antennae on your
                  | head. [demonic ancestry]
  1168 | D:2      | Reached XP level 3. HP: 25/29 MP: 3/3
  1358 | D:2      | Found a runed translucent door.
  1360 | D:2      | Noticed Crazy Yiuf
  1487 | D:2      | Found a shadowy altar of Dithmenos.
  1858 | D:2      | Killed Crazy Yiuf
  1859 | D:2      | Gained mutation: You regenerate a little health from kills.
                  | [demonic ancestry]
  1859 | D:2      | Reached XP level 4. HP: 5/35 MP: 4/4
  2289 | D:3      | Reached skill level 4 in Long Blades
  2503 | D:3      | Reached XP level 5. HP: 41/41 MP: 5/5
  3657 | D:5      | Entered Level 5 of the Dungeon
  3657 | D:5      | Noticed a phantom
  3907 | D:5      | Killed a phantom
  3908 | D:5      | Gained mutation: You have a pair of antennae on your head.
                  | [demonic ancestry]
  3908 | D:5      | Reached XP level 6. HP: 48/48 MP: 6/6
  4085 | D:5      | Reached skill level 5 in Long Blades
  4131 | D:5      | Reached skill level 1 in Stealth
  4281 | D:5      | Reached XP level 7. HP: 55/55 MP: 7/7
  4302 | D:5      | Reached skill level 6 in Long Blades
  4543 | D:5      | Reached *** piety under Trog
  4602 | D:5      | Reached skill level 5 in Fighting
  4602 | D:5      | Gained mutation: Your movements are less encumbered by
                  | armour. (ER -4) [demonic ancestry]
  4602 | D:5      | Reached XP level 8. HP: 38/62 MP: 8/8
  5046 | D:6      | Reached skill level 7 in Long Blades
  5966 | D:6      | Found a staircase to the Ecumenical Temple.
  6289 | D:6      | Reached skill level 8 in Long Blades
  6498 | D:7      | Reached skill level 5 in Armour
  6733 | D:7      | Reached XP level 9. HP: 60/68 MP: 9/9
  7468 | D:7      | You fall into a shaft and drop 3 floors!
  7468 | D:10     | Entered Level 10 of the Dungeon
  7515 | D:10     | Noticed a seven-headed hydra
  7538 | D:10     | Noticed Harold
  7562 | D:10     | Reached skill level 9 in Long Blades
  7572 | D:10     | Noticed a mana viper
  7572 | D:10     | a tarantella changed into a mana viper
  7573 | D:10     | Noticed a death drake
  7573 | D:10     | a mana viper changed into a death drake
  7586 | D:10     | Slain by a seven-headed hydra

Illustrated notes

Levels and vault maps discovered:
D:1:      giann_horns, layout_loops_ring, basic_ecumenical_altar, minmay_cupped
D:2:      layout_loops_ring, basic_altar, minmay_misc_feat_doors,
          uniq_crazy_yiuf_cottage
D:3:      layout_rooms
D:4:      layout_gridville
D:5:      layout_loops_ring, minmay_misc_feat_roman, minmay_stone_trees_small,
          kennysheep_boxes
D:6:      layout_basic, minmay_temple_entry_waves
D:7:      layout_rooms, sigmund_army
D:10:     layout_roguey, due_lair_maze_entry_diamond,
          minmay_mirror_moons_of_madness, uniq_harold

Skill      XL: |  1  2  3  4  5  6  7  8  9 |
---------------+----------------------------+-----
Long Blades    | 3 4 5 6 8 9 |  9.1
Armour         | 2 3 5 6 |  6.0
Dodging        | 2 3 |  3.9
Fighting       | 4 5 6 |  6.3
Stealth        | 1 |  1.2
Evocations     | |  0.1

Action                   |  1- 3 |  4- 6 |  7- 9 || total
-------------------------+-------+-------+-------++-------
Melee: Falchion          |     9 |       |       ||     9
       Long sword        |    68 |    88 |       ||   156
       Great sword       |       |    50 |   173 ||   223
Invok: Berserk           |     1 |     3 |     5 ||     9
       Trog's Hand       |       |       |     1 ||     1
Evoke: Wand              |       |       |     1 ||     1
  Use: Scroll            |     6 |     2 |     9 ||    17
       Potion            |       |       |    14 ||    14
Armor: Ring mail         |    20 |       |       ||    20
       Scale mail        |     6 |    89 |    30 ||   125
       Plate armour      |       |       |   204 ||   204
       Skin              |       |       |    14 ||    14
Dodge: Dodged            |    49 |   122 |   183 ||   354
       Rpst.: Falchion   |     5 |       |       ||     5
       Long sword        |    11 |    30 |       ||    41
       Great sword       |       |    10 |    50 ||    60
